 Dungeon Crawl Stone Soup version 0.26-a0-720-g2a1d101370 (webtiles) character file.

Game seed: 695230629222915229

0 Gargoyl the Skirmisher (level 1, -2/23 HPs)
             Began as a Gnoll Abyssal Knight on Nov 2, 2020.
             Was a Follower of Lugonu.
             Slain by a worldbinder (7 damage)
             ... on level 1 of the Abyss.
             The game lasted 00:00:13 (109 turns).

Gargoyl the Skirmisher (Gnoll Abyssal Knight)        Turns: 109, Time: 00:00:14

Health: -2/23      AC:  3    Str: 14    XL:     1   Next: 0%
Magic:  3/3        EV: 12    Int: 14    God:    Lugonu [*.....]
Gold:   8          SH:  0    Dex: 14    Spells: 0/0 levels left

rFire    . . .     SeeInvis .   a - +1 hand axe
rCold    . . .     Faith    .   (no shield)
rNeg     . . .     Spirit   .   b - +0 leather armour
rPois    .         Reflect  .   (no helmet)
rElec    .         Harm     .   (no cloak)
rCorr    .         Rampage  .   (no gloves)
MR       .....                  (no boots)
Stlth    +.........             (no amulet)
HPRegen  0.07/turn              (no ring)
MPRegen  0.08/turn              (no ring)

@: mesmerised, very slow
A: distributed training, fangs 1, strong nose
a: Depart the Abyss, Renounce Religion


You were on level 1 of the Abyss.
You worshipped Lugonu.
Lugonu was aware of your devotion.
You visited 0 branches of the dungeon, and saw 0 of its levels.
You visited the Abyss 1 time.

You collected 8 gold pieces.

Inventory:

Hand Weapons
 a - a +1 hand axe (weapon)
Armour
 b - a +0 leather armour (worn)


   Skills:
 + Level 6.4 Fighting
 + Level 0.0 Short Blades
 + Level 0.0 Long Blades
 + Level 4.4 Axes
 + Level 0.0 Maces & Flails
 + Level 0.0 Polearms
 + Level 0.0 Staves
 + Level 0.0 Slings
 + Level 0.0 Bows
 + Level 0.0 Crossbows
 + Level 0.0 Throwing
 + Level 4.4 Armour
 + Level 2.3 Dodging
 + Level 0.0 Stealth
 + Level 0.0 Shields
 + Level 0.0 Unarmed Combat
 + Level 0.0 Spellcasting
 + Level 0.0 Conjurations
 + Level 0.0 Hexes
 + Level 0.0 Summonings
 + Level 0.0 Necromancy
 + Level 0.0 Translocations
 + Level 0.0 Transmutations
 + Level 0.0 Fire Magic
 + Level 0.0 Ice Magic
 + Level 0.0 Air Magic
 + Level 0.0 Earth Magic
 + Level 0.0 Poison Magic
 + Level 4.4 Invocations
 + Level 0.0 Evocations


You couldn't memorise any spells.
You didn't know any spells.
Your spell library was empty.

Dungeon Overview and Level Annotations

Branches:
Dungeon (0/15)

Altars:


Innate Abilities, Weirdness & Mutations

Your experience applies equally to all skills.
You have very sharp teeth.
Your uncanny sense of smell can sniff out nearby items.


Message History

The merfolk siren chants a haunting song.
The worldbinder hits you! The worldbinder hits you.
* * * LOW HITPOINT WARNING * * *
The merfolk siren chants its luring song. x2
Unknown command.
You cannot move away from the merfolk siren!
You cannot move away from the merfolk siren!
Unknown command.
You cannot move away from the merfolk siren!
You hit the merfolk siren.
The merfolk siren is lightly wounded.
You hit the worldbinder but do no damage.
The worldbinder closely misses you. The worldbinder hits you.
* * * LOW HITPOINT WARNING * * *
You hear some strange, mumbled words.
The merfolk siren chants its luring song.
A raiju comes into view.
The merfolk siren chants its luring song.
The worldbinder hits you!
You die...

....#.#.#.##(.#.##...
#..≈§..##.# .## ..#
#≈.W##2W....#..## ..
# #.≈≈..XW#..#...#
#..
h.###..m#H.#.#....#
.# .... x.≈..k..##.##
..##.##≈{##...# ..#
#....≈xm..##....##
##..≈≈@#...#.###.
#..#..#.##.....
.##.#...≈≈..#### #.
.##..≈#... . ..
.#.#≈.##. . .# #
.≈≈.. ## .≈ .. ##≈ .≈


You could see a tentacled starspawn, a shadow demon (summoned), a manticore
(summoned), 2 merfolk sirens, 2 worldbinders, a raiju (wandering), 2 wraiths and
a shadow (summoned).

Vanquished Creatures (others)
  2 starspawn tentacles (Abyss:1)
2 creatures vanquished.

Notes
Turn   | Place    | Note
-------+----------+-------------------------------------------
     0 | Abyss:1  | Gargoyl the Gnoll Abyssal Knight began the quest for the
                  | Orb.
     0 | Abyss:1  | Reached XP level 1. HP: 23/23 MP: 3/3
    91 | Abyss:1  | Noticed a tentacled starspawn
   100 | Abyss:1  | Noticed a worldbinder
   100 | Abyss:1  | Noticed a worldbinder
   102 | Abyss:1  | Noticed an ancient lich
   104 | Abyss:1  | Noticed a manticore
   105 | Abyss:1  | Noticed a wind drake
   107 | Abyss:1  | Noticed a merfolk siren
   107 | Abyss:1  | Noticed a manticore
   107 | Abyss:1  | Noticed a merfolk siren
   107 | Abyss:1  | Noticed a shadow
   108 | Abyss:1  | Noticed a wraith
   108 | Abyss:1  | Noticed a necromancer
   108 | Abyss:1  | Noticed a wraith
   109 | Abyss:1  | Noticed a raiju
   109 | Abyss:1  | Slain by a worldbinder

Illustrated notes

Levels and vault maps discovered:
Abyss:1:  base: Temple, base:
Temple

Action                   || total
-------------------------++-------
Melee: Hand axe          ||     1
Dodge: Dodged            ||     2

Table legend: (Time is in decaauts)
 A = Elapsed time spent in this place.
 B = Non-inter-level travel time spent in this place.
 C = Inter-level travel time spent in this place.
 D = Time resting spent in this place.
 E = Time spent auto-exploring this place.
 F = Levels seen in this place.
 G = Mean time per level.
                   A        B        C        D        E       F      G
               +--------+--------+--------+--------+--------+-----+--------+
         Total |    111 |    111 |      0 |      0 |     91 |   1 |  111.0 |
         Abyss |    111 |    111 |      0 |      0 |     91 |   1 |  111.0 |
               +--------+--------+--------+--------+--------+-----+--------+

Top non-repeatable levels by time:
 Abyss:1: 111 daAuts
